 Dungeon Crawl Stone Soup version 0.20.1-1-g8b1a95d66d (webtiles) character file.

1467 BrokenGlass the Grappler (level 8, -7/46 HPs)
             Began as an Octopode Fighter on Jan 1, 2018.
             Was an Initiate of Ashenzari.
             Mangled by an ice beast (9 damage)
             ... on level 5 of the Dungeon.
             The game lasted 00:07:12 (6921 turns).

BrokenGlass the Grappler (Octopode Fighter)         Turns: 6921, Time: 00:07:13

Health: -7/46      AC:  3    Str: 21    XL:     8   Next: 77%
Magic:  8/8        EV: 14    Int: 11    God:    Ashenzari [......]
Gold:   207        SH:  0    Dex: 11    Spells: 7/7 levels left

rFire    + . .     SeeInvis .     - Unarmed
rCold    . . .     Gourm    .   (no shield)
rNeg     . . .     Faith    .   (helmet restricted)
rPois    .         Spirit   .   x - amulet of magic regeneration
rElec    .         Reflect  .   m - ring of protection from magic
rCorr    .         Harm     .   w - +4 ring of strength
MR       +....                  (no ring)
Stlth    ++........             (no ring)
Regen    0.2/turn               (no ring)
MPRegen  0.2/turn               (no ring)
                                (no ring)
                                (no ring)

@: no status effects
A: almost no armour, stealthy swim, amphibious, 8 rings, constrict 8, icy blue
scales 1, camouflage 1, fire resistance 1, frail 1, gelatinous body 1,
MP-powered wands
a: Curse Item, Renounce Religion


You were on level 5 of the Dungeon.
You worshipped Ashenzari.
Ashenzari was noncommittal.
You were not hungry.

You visited 2 branches of the dungeon, and saw 7 of its levels.

You collected 207 gold pieces.

Inventory:

Missiles
 h - 3 tomahawks of returning (quivered)
 i - 30 bolts
Armour
 a - a +0 shield
Jewellery
 m - a ring of protection from magic (left tentacle)
 w - a +4 ring of strength (right tentacle)
 x - an amulet of magic regeneration (around mantle)
Scrolls
 d - a scroll of blinking {unknown}
 f - 5 scrolls of identify {unknown}
 j - a scroll of remove curse
 o - 4 scrolls of teleportation {unknown}
 p - a scroll of magic mapping {unknown}
 r - a scroll of fog {unknown}
 u - a scroll of fear {unknown}
 v - a scroll of amnesia {unknown}
Potions
 b - a potion of might
 e - 2 potions of agility
 g - 3 potions of curing
 k - a potion of invisibility {unknown}
 l - 2 potions of lignification
 n - a potion of berserk rage {unknown}
 q - 2 potions of brilliance {unknown}
 s - a potion of heal wounds {unknown}
 t - a potion of haste {unknown}
Comestibles
 c - 5 bread rations
 z - 3 chunks of flesh


   Skills:
 - Level 3.0 Fighting
 - Level 3.0 Dodging
 - Level 3.0 Shields
 + Level 10.7 Unarmed Combat


You had 7 spell levels left.
You didn't know any spells.

Dungeon Overview and Level Annotations

Branches:
Dungeon (6/15)             Temple (1/1) D:5

Altars:
Ashenzari
Dithmenos
Elyvilon
Gozag
Kikubaaqudgha
Nemelex Xobeh
Okawaru
Ru
Sif Muna
Trog
Uskayaw
Vehumet
Xom
Yredelemnul
The Shining One


Innate Abilities, Weirdness & Mutations

You cannot wear most types of armour.
You are very stealthy in the water. (Stealth+)
You are amphibious.
You can wear up to eight rings at the same time.
You can use your tentacles to constrict eight enemies at once.
Your skin changes colour to match your surroundings (Stealth+).
Your rubbery body absorbs attacks. (AC +1, EV +1)
You are partially covered in icy blue scales. (AC +2)
Your flesh is heat resistant. (rF+)
You are frail. (-10% HP)
You expend magic power (3 MP) to strengthen your wands.


Message History

You bludgeon the ice beast! Your squeeze misses the ice beast.
The ice beast is moderately wounded.
The ice beast hits you. The ice beast freezes you!
You are too injured to fight recklessly!
You are too injured to fight recklessly!
You are too injured to fight recklessly!
You are too injured to fight recklessly!
You are too injured to fight recklessly!
You closely miss the ice beast.
The ice beast is moderately wounded.
The ice beast hits you.
* * * LOW HITPOINT WARNING * * *
The ice beast freezes you!
* * * LOW HITPOINT WARNING * * *
You tentacle-slap the ice beast.
The ice beast is moderately wounded.
The ice beast hits you.
* * * LOW HITPOINT WARNING * * *
The ice beast freezes you!
You die...

####.# #####
.....################...##
###...)..................#
#.#####.##..[..........#
###.# #.##..#.#..#..#..#
.##.# #.##..#.#.+###...#
.##.#####.##...#.....##..#
....##.....>..##.........#
.#####.........+@._.....(#
.#####.........#Y....##..#
..............##.....##..#
######.........###+.###..#
# #........###..#.##..#
#### #...................#
...# ####.##.............#
##.# #.####..####.##)##
##.# #......## #....#


You could see an ice beast.

Vanquished Creatures
  Sigmund (D:2)
  A water moccasin (D:5)
  A phantom (D:4)
  2 sky beasts
  An ogre (D:6)
  A centaur (D:5)
  A howler monkey (D:5)
  2 crimson imps
  A centaur zombie (D:5)
  4 hounds
  A jelly (D:5)
  An orc wizard (D:6)
  A gnoll shaman (D:6)
  An iguana (D:4)
  2 worker ants
  A hound zombie (D:6)
  A worker ant zombie (D:4)
  8 adders
  11 gnolls
  2 river rats (D:4)
  A white imp (D:5)
  A dart slug (D:2)
  3 worms
  5 leopard geckos
  5 orcs
  A ball python (D:3)
  7 giant cockroaches
  5 goblins (D:2)
  9 hobgoblins
  7 jackals
  A quokka (D:2)
  9 bats
  8 frilled lizards
  A giant cockroach zombie (D:5)
  A goblin skeleton (D:5)
  4 hobgoblin zombies (D:5)
  A jackal skeleton (D:4)
  5 kobolds
  3 kobold skeletons (D:5)
  2 orc skeletons (D:5)
  3 orc zombies (D:5)
  11 rats
137 creatures vanquished.

Vanquished Creatures (others)
  4 fungi (D:5)
4 creatures vanquished.

Grand Total: 141 creatures vanquished

Notes
Turn   | Place    | Note
-------+----------+-------------------------------------------
     0 | D:1      | BrokenGlass the Octopode Fighter began the quest for the Orb.
     0 | D:1      | Reached XP level 1. HP: 16/16 MP: 1/1
   203 | D:1      | Reached XP level 2. HP: 21/21 MP: 2/2
   395 | D:1      | Reached skill level 3 in Unarmed Combat
   689 | D:2      | Reached XP level 3. HP: 7/26 MP: 3/3
  1177 | D:2      | Reached skill level 4 in Unarmed Combat
  1192 | D:2      | Reached XP level 4. HP: 26/31 MP: 4/4
  1490 | D:2      | Found an ancient bone altar of Kikubaaqudgha.
  1501 | D:2      | Reached skill level 5 in Unarmed Combat
  1501 | D:2      | Reached XP level 5. HP: 19/36 MP: 5/5
  2065 | D:2      | Noticed Sigmund
  2178 | D:2      | Killed Sigmund
  2178 | D:2      | Reached skill level 6 in Unarmed Combat
  2178 | D:2      | Reached XP level 6. HP: 33/42 MP: 6/6
  3035 | D:4      | Noticed a phantom
  3072 | D:5      | Entered Level 5 of the Dungeon
  3355 | D:4      | Reached skill level 7 in Unarmed Combat
  3433 | D:4      | Found a glowing drain.
  3876 | D:4      | Killed a phantom
  3876 | D:4      | Reached XP level 7. HP: 18/46 MP: 7/7
  4565 | D:5      | Reached skill level 8 in Unarmed Combat
  4666 | D:5      | Found a glowing golden altar of the Shining One.
  5128 | D:5      | Found a staircase to the Ecumenical Temple.
  5142 | Temple   | Entered the Ecumenical Temple
  5293 | Temple   | Became a worshipper of Ashenzari the Shackled
  5469 | D:5      | Reached skill level 9 in Unarmed Combat
  5469 | D:5      | Reached XP level 8. HP: 43/52 MP: 8/8
  6175 | D:6      | Gained mutation: You expend magic power (3 MP) to strengthen your wands. [mutagenic meat]
  6176 | D:6      | Gained mutation: You are partially covered in icy blue scales. (AC +2) [mutagenic meat]
  6177 | D:6      | Gained mutation: You are frail. (-10% HP) [mutagenic meat]
  6178 | D:6      | Gained mutation: Your flesh is heat resistant. (rF+) [mutagenic meat]
  6285 | D:6      | Reached skill level 10 in Unarmed Combat
  6921 | D:5      | HP: 2/46 [ice beast (2)]
  6921 | D:5      | Mangled by an ice beast

Skill      XL: |  1  2  3  4  5  6  7  8 |
---------------+-------------------------+-----
Unarmed Combat | 3 4 5 6 7 9 10 | 10.7
Fighting       | |  3.0
Dodging        | |  3.0
Shields        | |  3.0

Action                   |  1- 3 |  4- 6 |  7- 9 || total
-------------------------+-------+-------+-------++-------
Melee: Unarmed           |    71 |   148 |   146 ||   365
       Constrict         |    26 |    27 |    32 ||    85
       Tentacles         |    18 |    31 |    25 ||    74
       Punch             |       |     7 |     9 ||    16
  Use: Potion            |       |     3 |       ||     3
 Stab: Sleeping          |     4 |     7 |     5 ||    16
  Eat: Chunk             |     1 |     7 |     8 ||    16
       Fruit             |       |       |     3 ||     3
       Bread ration      |       |       |     1 ||     1
Armor: Skin              |     3 |    11 |     7 ||    21
Dodge: Dodged            |    53 |    94 |    80 ||   227
